 Dungeon Crawl Stone Soup version 0.19.0-2-gae57169 (webtiles) character file.

97 Gingerlord the Ducker (level 5, -1/61 HPs)
             Began as a Human Wanderer on Nov 7, 2016.
             Slain by Natasha (5 damage)
             ... on level 2 of the Dungeon.
             The game lasted 00:02:10 (943 turns).

Gingerlord the Ducker (Human Wanderer)               Turns: 943, Time: 00:02:11

Health: -1/61      AC: 22    Str: 12    XL:     5   Next: 0%
Magic:  5/5        EV:  2    Int: 13    God:
Gold:   13         SH:  0    Dex: 17    Spells: 0 memorised, 4 levels left

rFire  . . .     SeeInvis .     a - +2 falchion
rCold  . . .     Gourm    .     (armour currently unavailable)
rNeg   + + +     Faith    .     (no shield)
rPois  +         Spirit   .     (helmet currently unavailable)
rElec  .         Reflect  .     (cloak currently unavailable)
rCorr  .         Harm     .     (gloves currently unavailable)
MR     .....     NoTele   +     (boots currently unavailable)
Stlth  ++........               (no amulet)
                                (no ring)
                                d - +4 ring of dexterity

@: tree-form
A: no striking features
a: no special abilities


You were on level 2 of the Dungeon.
You were not hungry.
You were a tree.
You visited 1 branch of the dungeon, and saw 2 of its levels.

You collected 13 gold pieces.

Inventory:

Hand Weapons
 a - a +2 falchion (weapon)
Armour
 j - a +0 helmet (melded)
 k - a +0 ring mail (melded)
Jewellery
 d - a +4 ring of dexterity (left branch)
Scrolls
 b - 2 scrolls of teleportation
 e - a scroll of amnesia {unknown}
 g - a scroll of identify {unknown}
 h - 2 scrolls of remove curse {unknown}
Potions
 i - a potion of heal wounds {unknown}
 m - 2 potions of mutation {unknown}
Comestibles
 f - 4 bread rations
 l - 3 fruits


   Skills:
 + Level 3.1 Fighting
 + Level 2.6 Long Blades
 + Level 2.0 Armour
 + Level 3.5 Dodging
 - Level 2.0 Stealth
   Level 1.0 Shields


You had 4 spell levels left.
You didn't know any spells.

Dungeon Overview and Level Annotations

Branches:
Dungeon (2/15)

Altars:
Fedhas

Annotations:
D:2 1 runed door, Natasha


Message History

Natasha is heavily wounded.
Natasha mumbles some strange words.
You barely miss Natasha.
Natasha is heavily wounded.
Natasha stares at you and mumbles some strange words.
The magic dart hits you!
Natasha stares at you and mumbles some strange words.
The magic dart hits you!
* * * LOW HITPOINT WARNING * * *
You closely miss Natasha.
Natasha is heavily wounded.
The crimson imp blinks!
Natasha stares at you and mumbles some strange words.
The magic dart hits you!
* * * LOW HITPOINT WARNING * * *
Unknown command.
You turn into a tree.
Your +0 helmet melds into your body.
Your +0 ring mail melds into your body.
Your roots penetrate the ground.
Natasha claws you.
You die...

#.# #.......
#.#########.......
#...............###
##########.........
#..(....5....
#†##.......(.
#5.?)......#
#h###.####.#
#♣#w..# . #.#..S#
#.###.. #......#
..#..#..! #..#(.#..
#..####.## #...
..##


You could see Natasha and a white imp.

Vanquished Creatures
  Ijyb (D:2)
  4 adders (D:2)
  A dart slug (D:2)
  2 leopard geckos (D:2)
  A giant cockroach (D:2)
  7 hobgoblins
  6 kobolds
  A quokka (D:2)
  2 bats
  5 frilled lizards
  3 goblins
  A rat (D:1)
34 creatures vanquished.

Notes
Turn   | Place    | Note
-------+----------+-------------------------------------------
     0 | D:1      | Gingerlord the Human Wanderer began the quest for the Orb.
     0 | D:1      | Gingerlord set off with: a +2 falchion, a scroll of teleportation, a potion of lignification, a +0 robe, a +0 dagger, a bread ration
     0 | D:1      | Reached XP level 1. HP: 16/16 MP: 1/1
   130 | D:1      | Reached XP level 2. HP: 18/22 MP: 2/2
   152 | D:1      | Reached skill level 1 in Armour
   512 | D:2      | Noticed Ijyb
   513 | D:2      | Found a blossoming altar of Fedhas.
   518 | D:2      | Reached XP level 3. HP: 24/28 MP: 3/3
   544 | D:2      | Killed Ijyb
   615 | D:2      | Reached XP level 4. HP: 23/34 MP: 4/4
   844 | D:2      | Found a runed door.
   926 | D:2      | Reached XP level 5. HP: 24/41 MP: 5/5
   928 | D:2      | Noticed Natasha
   943 | D:2      | Slain by Natasha

Skill      XL: |  1  2  3  4 |
---------------+-------------+-----
Armour         | 1 2 |  2.0
Fighting       | 3 |  3.1
Long Blades    | |  2.6
Dodging        | |  3.5
Stealth        | |  2.0
Shields        | |  1.0

Action                   |  1- 3 |  4- 6 || total
-------------------------+-------+-------++-------
Melee: Falchion          |    71 |    41 ||   112
  Use: Potion            |       |     1 ||     1
 Stab: Sleeping          |     2 |       ||     2
Armor: Robe              |     7 |       ||     7
       Ring mail         |     1 |    18 ||    19
Dodge: Dodged            |    48 |    30 ||    78
       Rpst.: Falchion   |    18 |     7 ||    25
